| TOP OF THE 1ST |
|
Canton Indians batting - Pitching for Winnipeg Goldeyes : RHP Jason Waite
|
|
Pitching: RHP Jason Waite
|
|
|
Batting: RHB George Wagner
|
0-0: Ball 1-0: Foul Ball, location: 2F 1-1: Bunt missed! 1-2: Fly out, F4 (Popup, 34S, EV 42.5 MPH)
|
|
Batting: RHB Josh Patterson
|
0-0: Called Strike 0-1: Foul Ball, location: 2F 0-2: Strikes out swinging
|
|
Batting: RHB Jose Rodriguez
|
0-0: Foul Ball, location: 2F 0-1: Ball 1-1: Foul Ball, location: 2F 1-2: Fly out, F9 (Line Drive, 9S, EV 93.1 MPH)
|
| Top of the 1st over - 0 runs, 0 hits, 0 errors, 0 left on base; Canton 0 - Winnipeg 0 |
| BOTTOM OF THE 1ST |
|
Winnipeg Goldeyes batting - Pitching for Canton Indians : LHP Tony Flores
|
|
Pitching: LHP Tony Flores
|
|
|
Batting: SHB Rodrigo Mendoza
|
0-0: Ball 1-0: Ball 2-0: Swinging Strike 2-1: Ball 3-1: Swinging Strike 3-2: Strikes out swinging
|
|
Batting: RHB Nestor Moreno
|
0-0: Swinging Strike 0-1: Called Strike 0-2: Strikes out swinging
|
|
Batting: RHB Willie Jimenez
|
0-0: Called Strike 0-1: Foul Ball, location: 2F 0-2: Strikes out looking
|
| Bottom of the 1st over - 0 runs, 0 hits, 0 errors, 0 left on base; Canton 0 - Winnipeg 0 |
| TOP OF THE 2ND |
|
Canton Indians batting - Pitching for Winnipeg Goldeyes : RHP Jason Waite
|
|
Batting: RHB Leo Villa
|
0-0: Reached on error, E4 (Groundball, 4, EV 89.4 MPH)
|
|
Batting: RHB Gary Ming
|
0-0: Ground out 4-3 (Groundball, 34, EV 83.8 MPH) Leo Villa to third
|
|
Batting: RHB Charles Blatchford
|
0-0: Ball 1-0: SINGLE (Groundball, 3D, EV 103.8 MPH) Leo Villa scores
|
|
Batting: RHB Tacito Carreiro
|
0-0: Fly out, F8 (Flyball, 8LD, EV 103.8 MPH)
|
|
Batting: RHB Ruben Irizarry
|
0-0: Ball 1-0: Ball 2-0: Foul Ball, location: 2F 2-1: Foul Ball, location: 2F 2-2: Strikes out swinging
|
| Top of the 2nd over - 1 run, 1 hit, 1 error, 1 left on base; Canton 1 - Winnipeg 0 |
| BOTTOM OF THE 2ND |
|
Winnipeg Goldeyes batting - Pitching for Canton Indians : LHP Tony Flores
|
|
Batting: RHB Alexandre Garcia
|
0-0: Ball 1-0: Called Strike 1-1: Foul Ball, location: 2F 1-2: Foul Ball, location: 2F 1-2: Ball 2-2: Strikes out swinging
|
|
Batting: RHB Terry Oetker
|
0-0: Ball 1-0: Called Strike 1-1: Ball 2-1: Ball 3-1: Base on Balls
|
|
Batting: RHB Josh Harmon
|
0-0: Foul Ball, location: 2F 0-1: Ball 1-1: 2-RUN HOME RUN (Flyball, 7D, EV 105.0 MPH), Distance : 396 ft
|
|
Batting: RHB Hisao Takei
|
0-0: Ball 1-0: Called Strike 1-1: Foul Ball, location: 2F 1-2: Ball 2-2: Strikes out swinging
|
|
Batting: LHB Jose Hilario
|
0-0: Called Strike 0-1: Ball 1-1: Foul Ball, location: 2F 1-2: Strikes out looking
|
| Bottom of the 2nd over - 2 runs, 1 hit, 0 errors, 0 left on base; Canton 1 - Winnipeg 2 |
| TOP OF THE 3RD |
|
Canton Indians batting - Pitching for Winnipeg Goldeyes : RHP Jason Waite
|
|
Batting: RHB Aubrey Regimbald
|
0-0: Ball 1-0: Swinging Strike 1-1: Foul Ball, location: 2F 1-2: Ball 2-2: Strikes out swinging
|
|
Batting: RHB George Wagner
|
0-0: Called Strike 0-1: Reached on error, E4 (Groundball, 4, EV 110.6 MPH)
|
|
Batting: RHB Josh Patterson
|
0-0: Called Strike 0-1: Foul Ball, location: 2F 0-2: Ball 1-2: Ball 2-2: Foul Ball, location: 2F 2-2: Ball 3-2: Base on Balls George Wagner to second
|
|
Batting: RHB Jose Rodriguez
|
0-0: Ball 1-0: Foul Ball, location: 2F 1-1: Foul Ball, location: 2F 1-2: Ball 2-2: Grounds into double play, 4-6-3 (Groundball, 4, EV 91.9 MPH)
|
| Top of the 3rd over - 0 runs, 0 hits, 1 error, 1 left on base; Canton 1 - Winnipeg 2 |
| BOTTOM OF THE 3RD |
|
Winnipeg Goldeyes batting - Pitching for Canton Indians : LHP Tony Flores
|
|
Batting: RHB Itocravo Arrochela
|
0-0: Ball 1-0: Ball 2-0: Fly out, F8 (Flyball, 8RD, EV 100.0 MPH)
|
|
Batting: SHB Rodrigo Mendoza
|
0-0: Ball 1-0: Bunted foul 1-1: Ball 2-1: Ground out 1-3 (Groundball, 13S, EV 68.8 MPH)
|
|
Batting: RHB Nestor Moreno
|
0-0: Called Strike 0-1: Ball 1-1: Foul Ball, location: 2F 1-2: Ball 2-2: Strikes out swinging
|
| Bottom of the 3rd over - 0 runs, 0 hits, 0 errors, 0 left on base; Canton 1 - Winnipeg 2 |
| TOP OF THE 4TH |
|
Canton Indians batting - Pitching for Winnipeg Goldeyes : RHP Jason Waite
|
|
Batting: RHB Leo Villa
|
0-0: SINGLE (Line Drive, 6D, EV 111.2 MPH)
|
|
Batting: RHB Gary Ming
|
0-0: Foul Ball, location: 2F 0-1: Ball 1-1: Called Strike 1-2: SINGLE (Flyball, 89S, EV 95.6 MPH) Leo Villa to second Runner from 2nd tries for 3rd, SAFE, throw by RF made to third
|
|
Batting: RHB Charles Blatchford
|
0-0: Grounds into double play, 6-4-3 (Groundball, 6D, EV 89.4 MPH) Leo Villa scores
|
|
Batting: RHB Tacito Carreiro
|
0-0: Called Strike 0-1: Ball 1-1: Swinging Strike 1-2: Ground out 5-3 (Groundball, 56S, EV 72.5 MPH)
|
| Top of the 4th over - 1 run, 2 hits, 0 errors, 0 left on base; Canton 2 - Winnipeg 2 |
| BOTTOM OF THE 4TH |
|
Winnipeg Goldeyes batting - Pitching for Canton Indians : LHP Tony Flores
|
|
Batting: RHB Willie Jimenez
|
0-0: Fly out, F4 (Popup, 13, EV 80.6 MPH)
|
|
Batting: RHB Alexandre Garcia
|
0-0: Foul Ball, location: 2F 0-1: Ball 1-1: Ground out 5-3 (Groundball, 56, EV 86.2 MPH)
|
|
Batting: RHB Terry Oetker
|
0-0: Ball 1-0: Ball 2-0: Called Strike 2-1: Foul Ball, location: 2F 2-2: Strikes out swinging
|
| Bottom of the 4th over - 0 runs, 0 hits, 0 errors, 0 left on base; Canton 2 - Winnipeg 2 |
| TOP OF THE 5TH |
|
Canton Indians batting - Pitching for Winnipeg Goldeyes : RHP Jason Waite
|
|
Batting: RHB Ruben Irizarry
|
0-0: Foul Ball, location: 2F 0-1: Ball 1-1: Fly out, F7 (Flyball, 7, EV 83.8 MPH)
|
|
Batting: RHB Aubrey Regimbald
|
0-0: Called Strike 0-1: Swinging Strike 0-2: Strikes out swinging
|
|
Batting: RHB George Wagner
|
0-0: Called Strike 0-1: Ball 1-1: Ball 2-1: Swinging Strike 2-2: Ball 3-2: Strikes out swinging
|
| Top of the 5th over - 0 runs, 0 hits, 0 errors, 0 left on base; Canton 2 - Winnipeg 2 |
| BOTTOM OF THE 5TH |
|
Winnipeg Goldeyes batting - Pitching for Canton Indians : LHP Tony Flores
|
|
Batting: RHB Josh Harmon
|
0-0: Foul Ball, location: 2F 0-1: Ball 1-1: Foul Ball, location: 2F 1-2: Ball 2-2: Foul Ball, location: 2F 2-2: Ball 3-2: Foul Ball, location: 2F 3-2: Base on Balls
|
|
Batting: RHB Hisao Takei
|
0-0: Ball 1-0: Swinging Strike 1-1: Ball 2-1: Ball 3-1: Base on Balls Josh Harmon to second
|
|
Batting: LHB Jose Hilario
|
0-0: Called Strike 0-1: SINGLE (Groundball, 3D, EV 99.4 MPH) Josh Harmon to third Hisao Takei to second
|
|
Batting: RHB Itocravo Arrochela
|
0-0: Called Strike 0-1: Ball 1-1: Called Strike 1-2: Foul Ball, location: 2F 1-2: Ball 2-2: Strikes out swinging
|
|
Batting: SHB Rodrigo Mendoza
|
0-0: Ball Wild Pitch! Josh Harmon scores Hisao Takei to third Jose Hilario to second 1-0: Called Strike 1-1: Called Strike 1-2: Ground out 6-3 (Groundball, 6S, EV 78.1 MPH)
|
|
Batting: RHB Nestor Moreno
|
0-0: Fly out, F7 (Flyball, 7S, EV 82.5 MPH)
|
| Bottom of the 5th over - 1 run, 1 hit, 0 errors, 2 left on base; Canton 2 - Winnipeg 3 |
| TOP OF THE 6TH |
|
Canton Indians batting - Pitching for Winnipeg Goldeyes : RHP Jason Waite
|
|
Batting: RHB Josh Patterson
|
0-0: Called Strike 0-1: Ball 1-1: Foul Ball, location: 2F 1-2: Foul Ball, location: 2F 1-2: Ball 2-2: Strikes out swinging
|
|
Batting: RHB Jose Rodriguez
|
0-0: Ball 1-0: Called Strike 1-1: Foul Ball, location: 2F 1-2: Fly out, F8 (Flyball, 8RD, EV 98.8 MPH)
|
|
Batting: RHB Leo Villa
|
0-0: Called Strike 0-1: Ball 1-1: Ball 2-1: Called Strike 2-2: Strikes out swinging
|
| Top of the 6th over - 0 runs, 0 hits, 0 errors, 0 left on base; Canton 2 - Winnipeg 3 |
| BOTTOM OF THE 6TH |
|
Winnipeg Goldeyes batting - Pitching for Canton Indians : LHP Tony Flores
|
|
Batting: RHB Willie Jimenez
|
0-0: Foul Ball, location: 2F 0-1: Foul Ball, location: 2F 0-2: Ball 1-2: Strikes out swinging
|
|
Batting: RHB Alexandre Garcia
|
0-0: Called Strike 0-1: Ball 1-1: Swinging Strike 1-2: Ball 2-2: Ball 3-2: SINGLE (Groundball, 6MS, EV 66.9 MPH) (infield hit)
|
|
Batting: RHB Terry Oetker
|
0-0: Ball Alexandre Garcia is caught stealing 2nd base 2-4 1-0: Foul Ball, location: 2F 1-1: Called Strike 1-2: Ball 2-2: Strikes out looking
|
| Bottom of the 6th over - 0 runs, 1 hit, 0 errors, 0 left on base; Canton 2 - Winnipeg 3 |
| TOP OF THE 7TH |
|
Canton Indians batting - Pitching for Winnipeg Goldeyes : RHP Jason Waite
|
|
Batting: RHB Gary Ming
|
0-0: Swinging Strike 0-1: Fly out, F9 (Line Drive, 89M, EV 99.4 MPH)
|
|
Batting: RHB Charles Blatchford
|
0-0: Called Strike 0-1: Foul Ball, location: 2F 0-2: Ball 1-2: Strikes out looking
|
|
Batting: RHB Tacito Carreiro
|
0-0: Foul Ball, location: 2F 0-1: Ball 1-1: Ball 2-1: Ball 3-1: Base on Balls
|
|
Pinch Runner at 1st Juan Ordonez:
|
|
|
Batting: RHB Ruben Irizarry
|
0-0: Ball 1-0: Called Strike 1-1: Called Strike 1-2: Ball Juan Ordonez is caught stealing 2nd base 2-4
|
| Top of the 7th over - 0 runs, 0 hits, 0 errors, 0 left on base; Canton 2 - Winnipeg 3 |
| BOTTOM OF THE 7TH |
|
Winnipeg Goldeyes batting - Pitching for Canton Indians : LHP Tony Flores
|
|
Batting: RHB Josh Harmon
|
0-0: Ball 1-0: SINGLE (Line Drive, 78S, EV 103.1 MPH)
|
|
Batting: RHB Hisao Takei
|
0-0: Ball 1-0: Called Strike 1-1: Hit by Pitch Josh Harmon to second
|
|
Pinch Runner at 2nd Chris Bejarano:
|
|
|
Batting: LHB Jose Hilario
|
0-0: Ball 1-0: DOUBLE (Line Drive, 78M, EV 105.6 MPH) Chris Bejarano scores Hisao Takei to third
|
|
Batting: RHB Itocravo Arrochela
|
0-0: Ground out 4-3 (Groundball, 34S, EV 91.2 MPH)
|
|
Batting: SHB Rodrigo Mendoza
|
0-0: Ball 1-0: Swinging Strike 1-1: Ball 2-1: Ball 3-1: Base on Balls
|
|
Pitching: RHP Yann Jarry
|
|
|
Batting: RHB Nestor Moreno
|
0-0: Called Strike 0-1: Foul Ball, location: 2F 0-2: Strikes out swinging
|
|
Batting: RHB Willie Jimenez
|
0-0: Ball 1-0: SINGLE (Line Drive, 34D, EV 100.0 MPH) Hisao Takei scores Jose Hilario to third Rodrigo Mendoza to second Runner from 3rd tries for Home, SAFE, throw by RF to home
|
|
Batting: RHB Alexandre Garcia
|
0-0: Ball 1-0: Fly out, F9 (Flyball, 9, EV 86.2 MPH)
|
| Bottom of the 7th over - 3 runs, 3 hits, 0 errors, 2 left on base; Canton 2 - Winnipeg 6 |
| TOP OF THE 8TH |
|
Canton Indians batting - Pitching for Winnipeg Goldeyes : RHP Jason Waite
|
|
Batting: RHB Ruben Irizarry
|
0-0: Ball 1-0: Fly out, F8 (Flyball, 8LM, EV 96.2 MPH)
|
|
Batting: RHB Aubrey Regimbald
|
0-0: Swinging Strike 0-1: Ground out 6-3 (Groundball, 56, EV 85.0 MPH)
|
|
Batting: RHB George Wagner
|
0-0: Foul Ball, location: 2F 0-1: Ball 1-1: Foul Ball, location: 2F 1-2: SINGLE (Groundball, 6S, EV 65.0 MPH) (infield hit)
|
|
Batting: RHB Josh Patterson
|
0-0: Ball 1-0: Swinging Strike 1-1: Ball 2-1: Ball 3-1: Called Strike 3-2: Base on Balls George Wagner to second
|
|
Pitching: RHP Chi-young Chuko
|
|
|
Batting: RHB Jose Rodriguez
|
0-0: Called Strike 0-1: Ball 1-1: Ball 2-1: Ground out U3 (Groundball, 34, EV 90.6 MPH)
|
| Top of the 8th over - 0 runs, 1 hit, 0 errors, 2 left on base; Canton 2 - Winnipeg 6 |
| BOTTOM OF THE 8TH |
|
Winnipeg Goldeyes batting - Pitching for Canton Indians : RHP Yann Jarry
|
|
Pinch Hitting: LHB George Roben
|
0-0: Called Strike 0-1: Foul Ball, location: 2F 0-2: Ball 1-2: Foul Ball, location: 2F 1-2: Ball 2-2: Strikes out looking
|
|
Batting: RHB Chris Bejarano
|
0-0: Ball 1-0: Swinging Strike 1-1: Ball 2-1: DOUBLE (Groundball, 3L, EV 105.0 MPH)
|
|
Batting: RHB Hisao Takei
|
0-0: Fly out, F6 (Flyball, 6MD, EV 96.2 MPH)
|
|
Batting: LHB Jose Hilario
|
0-0: Single, Error in OF, E8, batter to second base (Groundball, 4MD, EV 100.0 MPH) Chris Bejarano scores
|
|
Batting: RHB Itocravo Arrochela
|
0-0: Ball 1-0: Swinging Strike 1-1: Foul Ball, location: 2F 1-2: Foul Ball, location: 2F 1-2: Strikes out swinging
|
| Bottom of the 8th over - 1 run, 2 hits, 1 error, 1 left on base; Canton 2 - Winnipeg 7 |
| TOP OF THE 9TH |
|
Canton Indians batting - Pitching for Winnipeg Goldeyes : RHP Chi-young Chuko
|
|
Now at 1B: Shaun Price
|
|
|
Batting: RHB Leo Villa
|
0-0: SINGLE (Line Drive, 8RS, EV 106.2 MPH)
|
|
Batting: RHB Gary Ming
|
0-0: Foul Ball, location: 2F 0-1: Fly out, F9 (Flyball, 9S, EV 78.8 MPH)
|
|
Batting: RHB Charles Blatchford
|
0-0: Called Strike 0-1: SINGLE (Groundball, 56, EV 94.4 MPH) Leo Villa to second
|
|
Batting: RHB Quan Tai
|
0-0: Reached on error, E4 (Groundball, 4S, EV 86.9 MPH) Leo Villa to third Charles Blatchford to second
|
|
Batting: RHB Ruben Irizarry
|
0-0: Grounds into double play, 4-6-3 (Groundball, 4, EV 105.0 MPH)
|
| Top of the 9th over - 0 runs, 2 hits, 1 error, 2 left on base; Canton 2 - Winnipeg 7 |
|